 Seeded DCSS version 0.29.1-12-g30fa7ad0bf (webtiles) character file.

Game seed: 9845822215292249863 (custom seed)

46864 purpskrrrp the Slayer (level 14, -16/170 HPs)
             Began as an Ogre Monk on Jan 13, 2023.
             Was a High Priest of Hepliaklqana.
             Demolished by a +4 long sword (20 damage)
             ... on level 14 of the Dungeon.
             The game lasted 00:38:47 (16602 turns).

purpskrrrp the Slayer (Ogre Monk)                  Turns: 16602, Time: 00:38:47

Health: -16/170    AC: 10    Str: 38    XL:     14   Next: 39%
Magic:  23/23      EV: 19    Int: 19    God:    Hepliaklqana [*****.]
Gold:   1116       SH:  0    Dex: 15    Spells: 13/13 levels left

rFire   . . .      SeeInvis .   G - +9 giant spiked club "Zymouts" {venom, MP+9 Str+6 Int+4}
rCold   . . .      Faith    .   (shield currently unavailable)
rNeg    . . .      Spirit   .   r - +4 robe of Augmentation {Str+4 Int+4 Dex+4}
rPois   .          Reflect  .   (helmet restricted)
rElec   .          Harm     .   c - +2 cloak {Will+}
rCorr   .          Rampage  .   (gloves unavailable)
Will    ++...                   (boots unavailable)
Stlth   ++........              l - amulet of the acrobat
HPRegen 0.38/turn               t - +4 ring of evasion
MPRegen 0.18/turn               K - +6 ring of strength

@: lethally poisoned (-16 -> -23), about to teleport
A: reduced essence, large, unfitting armour, tough skin 1, sense surroundings 1,
sturdy frame 1
a: Renounce Religion, Recall Ancestor, Ancestor Identity, Transference, Idealise


You were on level 14 of the Dungeon.
You worshipped Hepliaklqana.
Hepliaklqana was extremely pleased with you.
You visited 2 branches of the dungeon, and saw 15 of its levels.

You collected 1116 gold pieces.

Inventory:

Hand Weapons
 a - a +0 mace
 g - a +7 spectral giant spiked club
 D - a +0 short sword
 G - the +9 giant spiked club "Zymouts" (weapon) {venom, MP+9 Str+6 Int+4}
   (You took it off a two-headed ogre on level 11 of the Dungeon)

   It poisons the flesh of those it strikes.
   Str:       It affects your strength (+6).
   Int:       It affects your intelligence (+4).
   MP:        It affects your magic capacity (+9).
 Q - a +4 demon whip of pain
Missiles
 T - a throwing net (quivered)
Armour
 b - a +0 robe
 c - a +2 cloak of willpower (worn)
 m - the +2 robe "Ojeupem" {rPois Slay+2}
   (You acquired it on level 2 of the Dungeon)

   Slay:      It affects your accuracy & damage with ranged weapons and melee
   (+2).
   rPois:     It protects you from poison.
 r - the +4 robe of Augmentation (worn) {Str+4 Int+4 Dex+4}
   (You found it on level 3 of the Dungeon)

   Str:       It affects your strength (+4).
   Int:       It affects your intelligence (+4).
   Dex:       It affects your dexterity (+4).
 w - the +10 tower shield of Ignorance {rN+ Int-4}
   (You found it on level 11 of the Dungeon)

   Int:       It affects your intelligence (-4).
   rN:        It protects you from negative energy.
Jewellery
 h - a ring of willpower
 l - an amulet of the acrobat (around neck)
 t - a +4 ring of evasion (left hand)
 y - an amulet of magic regeneration
 A - an amulet of faith
 C - an amulet of guardian spirit
 E - a ring of fire
 I - a ring of positive energy
 K - a +6 ring of strength (right hand)
 M - an amulet of regeneration
 N - a +4 ring of protection
 O - a ring of see invisible
Wands
 n - a wand of light (14)
 F - a wand of polymorph (11)
 L - a wand of flame (5)
Scrolls
 d - 6 scrolls of teleportation
 j - 6 scrolls of amnesia
 q - a scroll of magic mapping
 u - 2 scrolls of butterflies
 x - 3 scrolls of enchant armour
 H - 3 scrolls of identify
 S - a scroll of brand weapon {unknown}
Potions
 e - a potion of flight
 i - 4 potions of magic
 k - 5 potions of curing
 o - 2 potions of brilliance
 p - a potion of ambrosia
 s - 2 potions of lignification
 v - 2 potions of might
 J - a potion of cancellation
 P - 3 potions of attraction


   Skills:
 * Level 24.4 Fighting
 + Level 11.5 Maces & Flails
 + Level 11.5 Dodging
 - Level 1.4 Stealth


You had 13 spell levels left.
You didn't know any spells.
Your spell library contained the following spells:

 Spells                   Type           Power      Damage    Failure   Level
 Magic Dart               Conj           0%         1d3       21%         1
 Call Imp                 Summ           0%         N/A       30%         2
 Poisonous Vapours        Pois/Air       0%         N/A       30%         2
 Scorch                   Fire           0%         2d5       30%         2
 Dazzling Flash           Conj/Hex       0%         N/A       52%         3
 Gell's Gravitas          Tloc           0%         N/A       52%         3
 Lesser Beckoning         Tloc           0%         N/A       52%         3
 Mephitic Cloud           Conj/Pois/Air  0%         N/A       52%         3
 Teleport Other           Tloc           0%         N/A       52%         3
 Tukima's Dance           Hex            0%         N/A       52%         3
 Airstrike                Air            0%         2d(0-16)  90%         4
 Animate Armour           Summ/Erth      0%         N/A       90%         4
 Corpse Rot               Necr/Pois/Air  0%         N/A       90%         4
 Flame Wave               Conj/Fire      0%         2d4       90%         4
 Summon Lightning Spire   Summ/Air       0%         N/A       90%         4
 Borgnjor's Vile Clutch   Necr/Erth      0%         N/A       99%         5
 Lee's Rapid Deconstruct  Erth           0%         3d5*      99%         5
 Lightning Bolt           Conj/Air       0%         1d11      99%         5
 Summon Forest            Summ/Tloc      0%         N/A       99%         5
 Summon Mana Viper        Hex/Summ       0%         N/A       99%         5
 Summon Cactus Giant      Summ           0%         N/A       100%        6
 Summon Hydra             Summ           0%         N/A       100%        7
 Ignition                 Fire           0%         3d3       100%        8


Dungeon Overview and Level Annotations

Branches:
Dungeon (14/15)            Temple (1/1) D:4            Lair (0/5) D:10
    Orc (0/2) D:10
 Vaults: D:13-14

Altars:
Ashenzari
Cheibriados
Dithmenos
Elyvilon
Fedhas
Gozag
Hepliaklqana
Kikubaaqudgha
Makhleb
Nemelex Xobeh
Okawaru
Qazlal
Ru
Sif Muna
Trog
Uskayaw
Vehumet
Wu Jian
Xom
Yredelemnul
Zin
The Shining One

Shops:
D:10 [

Portals:
Trove: D:12 (give +4 shadow dragon scales)

Annotations:
D:11 1 runed translucent door


Innate Abilities, Weirdness & Mutations

Your life essence is reduced to manifest your ancestor. (-10% HP)
You are too large for most types of armour.
You have tough skin. (AC +1)
You passively map a small area around you.
Your movements are slightly less encumbered by armour. (ER -2)


Message History

You kill the meliai!
The wolf spider's many legs skitter.
The meliai hits Amurritum with a +0 hand axe!
The meliai stings Amurritum!
The meliai hits Amurritum with a +0 hand axe.
The meliai stings Amurritum.
Amurritum is destroyed!
The +4 long sword hits you!
You impale the +4 long sword!!
The +4 long sword is severely damaged.
The +4 long sword completely misses you.
The meliai completely misses you. x2; The +4 long sword closely misses you.
You miss the +4 long sword.
The +4 long sword is severely damaged.
The meliai closely misses you. x2; The +4 long sword hits you!!
The meliai hits you with a +0 hand axe. The meliai stings you.
You are poisoned.
The meliai poisons you! The +4 long sword hits you! The meliai misses you.
The meliai completely misses you.
As you read the scroll of fear, it crumbles to dust.
You assume a fearsome visage.
The +4 long sword is unaffected.
The +5 long sword is unaffected.
The wolf spider looks frightened!
The meliai looks frightened!
You feel very sick. The +4 long sword hits you! x2
As you read the scroll of teleportation, it crumbles to dust.
You feel strangely unstable.
You feel very sick. The +4 long sword barely misses you.
A meliai opens the door.
You barely miss the +4 long sword.
The +4 long sword is heavily damaged.
You feel very sick. The +4 long sword hits you!!
* * * LOW HITPOINT WARNING * * *
The +4 long sword hits you!!
* * * LOW HITPOINT WARNING * * *
You feel much better.
You feel sick. The +4 long sword hits you!!
* * * LOW HITPOINT WARNING * * *
The +4 long sword hits you!!
You die...

...... *#......., , *
...... .......
......#####....### , ,
.......#?#.......#
.................. , ,
.................. ,
..#.).(...#####, ,
..'...(##.....# ,, ,
#....@#.....### , ,,
#....##.......#### , ,
,,##...#............,
, #...##........... ,,
#....#....####... ,
,,#....#....#..#, . ,
#....#....#..########
, ,,#s..
#....#.......... ,
.######....#..........


You could see a wolf spider (fleeing) and 2 dancing weapons.

Vanquished Creatures
  2 hydras (D:11)
  A boulder beetle (D:9)
  The ghost of sigtrap the Covert, a journeyman KoCj of Zin (D:11)
  3 two-headed ogres (D:11)
  2 centaur warriors (D:13)
  2 dancing weapons (D:12)
  A tengu warrior (D:13)
  Urug (D:13)
  The ghost of SirLogeyBear the Cleaver, a novice HOBe of Trog (D:7)
  3 skeletal warriors (D:11)
  3 orange crystal statues (D:11)
  Pikel (D:4)
  A deep elf pyromancer (D:13)
  3 ugly things (D:14)
  3 manticores
  4 cyclopes
  A gargoyle (D:12)
  An unseen horror (shapeshifter) (D:13)
  A tengu conjurer (D:14)
  A guardian mummy (D:12)
  7 meliai (D:14)
  2 trolls
  Grinder (D:6)
  A shadow (D:13)
  2 wraiths
  Eustachio (D:4)
  A basilisk (D:11)
  28 yaks
  3 steam dragons (D:8)
  3 vampire mosquitoes
  Menkaure (D:4)
  3 wargs (D:10)
  2 acid dragons (D:12)
  A water moccasin (D:7)
  3 orc warriors
  An ice beast (D:5)
  A black bear (D:5)
  A sky beast (D:7)
  3 ogres
  8 centaurs
  8 kobold brigands
  2 lemures (D:4)
  A necrophage (D:5)
  2 bullfrogs (D:8)
  3 scorpions
  6 wights
  An electric eel (D:13)
  5 howler monkeys
  A battlemage (D:11)
  A jelly (D:6)
  2 hounds
  2 gnoll boudas
  6 orc priests
  2 iguanas
  Natasha (D:3)
  10 orc wizards
  6 adders
  11 gnolls
  A shadow imp (D:7)
  2 ufetubi (D:5)
  2 worms
  2 dart slugs (D:1)
  35 orcs
  7 ball pythons
  8 endoplasms
  3 giant cockroaches
  3 goblins
  4 hobgoblins
  3 jackals (D:5)
  7 quokkas
  9 bats
  4 frilled lizards
  27 kobolds
  5 rats
301 creatures vanquished.

Vanquished Creatures (collateral kills)
  A boulder beetle (D:14)
  A centaur warrior (D:13)
  A dancing weapon (D:12)
  A two-headed ogre (D:11)
  An orange crystal statue (D:11)
  An ugly thing (D:14)
  An unseen horror (D:11)
  A guardian mummy (D:12)
  A meliai (D:14)
  2 yaks
  3 vampire mosquitoes
  An acid dragon (D:14)
  A wight (D:8)
  2 howler monkeys
  An orc priest (D:10)
  A hound (D:6)
  A jelly (D:7)
  4 orc wizards
  An adder (D:5)
  4 gnolls
  12 orcs
  A jackal (D:5)
  19 kobolds
62 creatures vanquished.

Vanquished Creatures (others)
  9 battlemagi
  An orc (D:8)
  2 plants (D:6)
12 creatures vanquished.

Grand Total: 375 creatures vanquished

Notes
Turn   | Place    | Note
-------+----------+-------------------------------------------
     0 | D:1      | purpskrrrp the Ogre Monk began the quest for the Orb.
     0 | D:1      | Reached XP level 1. HP: 24/24 MP: 1/1
   126 | D:1      | Reached XP level 2. HP: 15/33 MP: 2/2
   784 | D:1      | Reached XP level 3. HP: 39/41 MP: 3/3
   943 | D:1      | Reached skill level 5 in Fighting
  1160 | D:2      | Found a faded altar of an unknown god.
  1550 | D:2      | Reached XP level 4. HP: 40/50 MP: 4/4
  1550 | D:2      | Identified 3 scrolls of acquirement
  1550 | D:2      | Acquired a +1 cloak of willpower
  1556 | D:2      | Acquired the +2 robe "Ojeupem" {rPois Slay+2}
  1557 | D:2      | Acquired a +5 spectral giant spiked club
  2134 | D:3      | Found the +4 robe of Augmentation {Str+4 Int+4 Dex+4}
  2221 | D:3      | Noticed Natasha
  2228 | D:3      | Killed Natasha
  2414 | D:3      | Reached skill level 6 in Fighting
  2414 | D:3      | Reached XP level 5. HP: 53/59 MP: 5/5
  3054 | D:4      | Noticed Eustachio
  3069 | D:4      | Killed Eustachio
  3070 | D:4      | Reached skill level 7 in Fighting
  3070 | D:4      | Reached XP level 6. HP: 58/71 MP: 6/6
  3203 | D:4      | Noticed Pikel
  3208 | D:4      | Killed Pikel
  3209 | D:4      | Reached skill level 9 in Fighting
  3209 | D:4      | Reached XP level 7. HP: 69/83 MP: 7/7
  3213 | D:4      | Noticed Menkaure
  3217 | D:4      | Killed Menkaure
  3218 | D:4      | Reached XP level 8. HP: 79/92 MP: 8/8
  3404 | D:4      | Found a staircase to the Ecumenical Temple.
  3777 | Temple   | Entered the Ecumenical Temple
  4002 | Temple   | Became a worshipper of Hepliaklqana the Forgotten
  4002 | Temple   | Reached * piety under Hepliaklqana
  4002 | Temple   | Reached ** piety under Hepliaklqana
  4061 | D:5      | Entered Level 5 of the Dungeon
  4122 | D:5      | Reached skill level 5 in Dodging
  4126 | D:5      | Reached skill level 5 in Maces & Flails
  4132 | D:5      | Reached skill level 10 in Fighting
  4608 | D:5      | Found an ancient bone altar of Kikubaaqudgha.
  4609 | D:5      | Remembered your ancestor Amurritum as a battlemage
  5040 | D:6      | Noticed Grinder
  5043 | D:6      | Killed Grinder
  5044 | D:6      | Reached skill level 11 in Fighting
  5044 | D:6      | Reached XP level 9. HP: 94/94 MP: 9/9
  5354 | D:6      | Reached *** piety under Hepliaklqana
  5735 | D:6      | Acquired a manual of Fighting
  5927 | D:7      | Reached skill level 12 in Fighting
  6045 | D:7      | Found a runed translucent gate.
  6049 | D:7      | Found a runed translucent gate.
  6050 | D:7      | Found a runed translucent gate.
  6051 | D:7      | Found an opulent altar of Gozag.
  6051 | D:7      | Noticed SirLogeyBear's ghost (novice HOBe)
  6131 | D:7      | Reached skill level 13 in Fighting
  6539 | D:7      | Killed SirLogeyBear's ghost
  6540 | D:7      | Reached skill level 14 in Fighting
  6540 | D:7      | Reached XP level 10. HP: 91/110 MP: 10/10
  6541 | D:7      | Reached skill level 15 in Fighting
  7054 | D:8      | Found a white marble altar of Elyvilon.
  7061 | D:8      | Found an ornate altar of the Wu Jian Council.
  7061 | D:8      | Found a shadowy altar of Dithmenos.
  7065 | D:8      | Found a blossoming altar of Fedhas.
  7114 | D:8      | Reached skill level 16 in Fighting
  7374 | D:9      | Reached **** piety under Hepliaklqana
  7837 | D:9      | Reached skill level 17 in Fighting
  8242 | D:9      | Noticed a boulder beetle
  8245 | D:9      | Killed a boulder beetle
  8246 | D:9      | Reached skill level 18 in Fighting
  8246 | D:9      | Reached XP level 11. HP: 126/126 MP: 11/11
  8340 | D:10     | Entered Level 10 of the Dungeon
  8443 | D:10     | Found a staircase to the Lair.
  8460 | D:10     | Reached skill level 19 in Fighting
  9100 | D:10     | Found a staircase to the Orcish Mines.
  9101 | D:10     | Found Wacaff's Armour Shop.
  9521 | D:10     | Found a radiant altar of Vehumet.
  9837 | D:11     | Identified the +1 robe "Lughuis" {rF+}
  9852 | D:11     | Reached skill level 20 in Fighting
  9975 | D:11     | Found the +10 tower shield of Ignorance {rN+ Int-4}
  9981 | D:11     | Found a runed translucent door.
 10001 | D:11     | Found a runed translucent door.
 10003 | D:11     | Noticed a five-headed hydra
 10094 | D:11     | Found a transporter.
 10121 | D:11     | Noticed a five-headed hydra
 10126 | D:11     | Killed a five-headed hydra
 10130 | D:11     | Noticed a cyclops
 10136 | D:11     | Killed a cyclops
 10239 | D:11     | Identified the +4 trident "Deeckiax" {pain, *Noise MP+9
                  | Int-5 Stlth+}
 10338 | D:11     | Reached ***** piety under Hepliaklqana
 10340 | D:11     | Noticed a skeletal warrior
 10341 | D:11     | Noticed a skeletal warrior
 10342 | D:11     | Noticed a skeletal warrior
 10346 | D:11     | Killed a skeletal warrior
 10347 | D:11     | Reached skill level 21 in Fighting
 10347 | D:11     | Reached XP level 12. HP: 90/144 MP: 12/12
 10858 | D:11     | Killed a five-headed hydra
 10876 | D:11     | Noticed a two-headed ogre
 10877 | D:11     | Noticed a two-headed ogre
 10897 | D:11     | Identified the +9 giant spiked club "Zymouts" {venom, MP+9
                  | Str+6 Int+4}
 10897 | D:11     | Noticed a two-headed ogre
 10898 | D:11     | Noticed a two-headed ogre
 10899 | D:11     | Noticed sigtrap's ghost (journeyman KoCj)
 10901 | D:11     | Found a transporter.
 11627 | D:11     | Killed a two-headed ogre
 11629 | D:11     | Killed sigtrap's ghost
 11634 | D:11     | Killed a two-headed ogre
 11645 | D:11     | Killed a two-headed ogre
 11653 | D:11     | Killed a two-headed ogre
 11940 | D:11     | Noticed a two-headed ogre
 11940 | D:11     | Noticed a two-headed ogre
 11942 | D:11     | Noticed a two-headed ogre
 11945 | D:11     | Noticed a boulder beetle
 12234 | D:11     | Reached skill level 22 in Fighting
 12234 | D:11     | Reached skill level 10 in Maces & Flails
 12234 | D:11     | Reached skill level 10 in Dodging
 12234 | D:11     | Reached XP level 13. HP: 156/156 MP: 13/13
 12235 | D:11     | Gained mutation: You passively map a small area around you.
                  | [potion of mutation]
 12235 | D:11     | Gained mutation: Your movements are slightly less
                  | encumbered by armour. (ER -2) [potion of mutation]
 12243 | D:11     | Reached skill level 23 in Fighting
 12654 | D:12     | Found a portal to a secret trove of treasure.
 13098 | D:12     | Got the Secrets of Enthralling Stones
 13133 | D:12     | Found a runed translucent door.
 14085 | D:13     | Noticed Urug
 14093 | D:13     | Killed Urug
 14094 | D:13     | Reached XP level 14. HP: 102/166 MP: 14/14
 14094 | D:13     | Found an iron altar of Okawaru.
 15074 | D:14     | Got the Folio of Gathered Flames
 15098 | D:14     | Reached skill level 24 in Fighting
 15426 | D:14     | Found a broken altar of Ashenzari.
 16601 | D:14     | HP: 8/170 [+4 long sword (18)]
 16602 | D:14     | Demolished by a +4 long sword

Illustrated notes

Levels and vault maps discovered:
D:1:      giann_bridges, layout_basic
D:2:      layout_loops_cross, ebering_ecumenical_altar_hall
D:3:      layout_basic, uniq_natasha
D:4:      layout_loops_ring, lemuel_temple_firewalk_a, uniq_pikel,
          uniq_eustachio, uniq_menkaure
D:5:      layout_cave_pods, kennysheep_mini_moat
D:6:      layout_basic, serial_bayou_crossing, uniq_grinder
D:7:      layout_cave_pools, ebering_ghost_gozag, grunt_ministairs_3
D:8:      layout_basic, minitemple
D:9:      layout_long_grid
D:10:     layout_loops_cross, mainiacjoe_overflow_brackets,
          erik_lair_orcish_takeover, orc_david_3
D:11:     layout_long_grid, serial_glass, glass_columns_b, glass_columns_a,
          glass_columns_b, glass_columns_b, glass_columns_a, glass_columns_b,
          glass_columns_c, glass_columns_a, gammafunk_ghost_smash,
          chequers_guarded_unrand_ignorance
D:12:     layout_basic, nicolae_trove_entry_path_of_doom, nicolae_danse_macabre
D:13:     layout_big_octagon, grunt_decor_resistance, okawaru_trees_1, uniq_urug
D:14:     layout_irregular_city, erik_vaults_1, serial_shops, shop,
          evilmike_ruin_ashenzari
Temple:   eino_temple_scatter_basement

Skill      XL: |  1  2  3  4  5  6  7  8  9 10 11 12 13 14 |
---------------+-------------------------------------------+-----
Dodging        | 3 4 5 7 8 9 10 11 | 11.5
Maces & Flails | 3 4 5 7 8 9 10 11 | 11.5
Fighting       | 5 6 7 9 11 14 18 21 22 23 24 | 24.4
Stealth        | |  1.4

Action                   |  1- 3 |  4- 6 |  7- 9 | 10-12 | 13-15 || total
-------------------------+-------+-------+-------+-------+-------++-------
Melee: Mace              |    98 |       |       |       |       ||    98
       Punch             |     1 |       |       |       |       ||     1
       Giant spiked club |       |    65 |    96 |   187 |   121 ||   469
Invok: Ancestor Life: Ba |       |       |     1 |       |       ||     1
Evoke: Wand              |       |       |       |     7 |     5 ||    12
  Use: Potion            |     1 |       |       |     5 |     7 ||    13
       Scroll            |       |     3 |    19 |    12 |     4 ||    38
 Stab: Sleeping          |     4 |     3 |     3 |     3 |       ||    13
       Distracted        |       |       |       |     2 |     3 ||     5
Armor: Robe              |    35 |    20 |    30 |   115 |    45 ||   245
Dodge: Dodged            |    69 |    34 |    91 |   277 |   244 ||   715
